 Dungeon Crawl Stone Soup version bcrawl-1.19.1 (webtiles) character file.

Game seed: 12421913499970850264

94 Anathary the Cudgeler (level 4, -1/41 HPs)
             Began as a Sand Dwarf Fighter on Dec 14, 2019.
             Was a Follower of Lugonu.
             Slain by a worker ant (3 damage)
             ... on level 3 of the Dungeon.
             The game lasted 00:05:43 (1824 turns).

Anathary the Cudgeler (Sand Dwarf Fighter)          Turns: 1824, Time: 00:05:43

Health: -1/41      AC:  6    Str: 21    XL:     4   Next: 63%
Magic:  4/4        EV:  9    Int:  9    God:    Lugonu [*.....]
Gold:   77         SH:  9    Dex: 10    Spells: 3/3 levels left

rFire    . . .     SeeInvis .   a - +0 flail
rCold    . . .     Gourm    .   c - +0 shield
rNeg     . . .     Faith    .   b - +0 scale mail
rPois    .         Spirit   .   (no helmet)
rElec    .         Reflect  .   (no cloak)
rCorr    .         Harm     .   (no gloves)
MR       .....                  (no boots)
Stlth    ..........             (no amulet)
HPRegen  0.13/turn              (no ring)
MPRegen  0.09/turn              (no ring)

@: lethally poisoned (-1 -> -12), slow
A: small, slowness 1, armour attunement
a: Depart the Abyss, Bend Space, Renounce Religion


You were on level 3 of the Dungeon.
You worshipped Lugonu.
Lugonu was aware of your devotion.
You were hungry.

You visited 1 branch of the dungeon, and saw 3 of its levels.

You collected 77 gold pieces.

Inventory:

Hand Weapons
 a - a +0 flail (weapon)
Armour
 b - a +0 scale mail (worn)
 c - a +0 shield (worn)
Jewellery
 h - a cursed ring of teleportation {unknown}
 j - an uncursed ring of insulation {unknown}
 p - a +2 ring of dexterity {unknown}
Scrolls
 i - 3 scrolls of teleportation
 l - 2 scrolls of immolation {unknown}
 m - a scroll of blinking {unknown}
Potions
 d - a potion of might
 e - a potion of cancellation {unknown}
 f - a potion of mutation {unknown}
 g - a potion of berserk rage {unknown}
 k - a potion of resistance
 n - a potion of curing {unknown}
Comestibles
 o - 2 rations {!d}


   Skills:
 + Level 4.8 Fighting
 + Level 5.5 Maces & Flails
 - Level 3.6 Armour
 + Level 0.3 Dodging
 - Level 3.0 Shields


You had 3 spell levels left.
You didn't know any spells.
Your spell library was empty.

Dungeon Overview and Level Annotations

Branches:
Dungeon (3/12)

Altars:
Lugonu
Ru
Trog


Innate Abilities, Weirdness & Mutations

You are small and have problems with some larger weapons.
You cover ground slowly.
Armour does not affect your spellcasting.


Message History

The worker ant is heavily wounded.
You block the worker ant's attack.
Your scale mail prevents you from hitting the worker ant.
The worker ant is heavily wounded.
The worker ant bites you.
You are poisoned.
The worker ant poisons you! The worker ant bites you.
You are more poisoned.
The worker ant poisons you!
You sock the worker ant!
The worker ant is almost dead.
You feel sick. The worker ant closely misses you.
The orc priest calls down the wrath of Beogh upon you.
Beogh smites you!
* * * LOW HITPOINT WARNING * * *
Your shield and scale mail prevent you from hitting the worker ant.
The worker ant is almost dead.
* * * LOW HITPOINT WARNING * * *
You feel sick. You block the worker ant's attack. The worker ant bites you.
You die... #........# #.........#.##.....### +.........+.........^. .........#........### ...o... ##.#..##.# .ooo. #.#.###.# go{

#.#.###.# #a#
#.#...#.# #@#
#.###.#.# #.#
#.......# ##.##
#####.### ##...##
#.# ###.....## #.#
#........# #.#
#.###.##.#######.#
... #.##.........#
### #.############


You could see a worker ant, an orc priest, 4 orcs and a goblin.

Vanquished Creatures
  4 gnolls (D:2)
  An adder (D:3)
  An ooze (D:3)
  A leopard gecko (D:1)
  An orc (D:2)
  2 bats
  4 giant cockroaches
  2 goblins (D:1)
  3 hobgoblins
  5 jackals
  5 kobolds
  4 quokkas
  A ball python (D:2)
  2 frilled lizards (D:1)
  A rat (D:1)
37 creatures vanquished.

Notes
Turn   | Place    | Note
-------+----------+-------------------------------------------
     0 | D:1      | Anathary the Sand Dwarf Fighter began the quest for the
                  | Orb.
     0 | D:1      | Reached XP level 1. HP: 19/19 MP: 1/1
   211 | D:1      | Reached XP level 2. HP: 25/27 MP: 2/2
   858 | D:2      | Found a corrupted altar of Lugonu.
   893 | D:2      | Became a worshipper of Lugonu the Unformed
   981 | D:2      | Found a sacrificial altar of Ru.
   985 | D:2      | Reached skill level 4 in Maces & Flails
   985 | D:2      | Reached XP level 3. HP: 34/34 MP: 3/3
  1002 | D:2      | Reached skill level 5 in Maces & Flails
  1002 | D:2      | Reached XP level 4. HP: 32/41 MP: 4/4
  1565 | D:3      | Found a bloodstained altar of Trog.
  1823 | D:3      | HP: 2/41 [orc priest/divine providence (17)]
  1824 | D:3      | Slain by a worker ant

Skill      XL: |  1  2  3 |
---------------+----------+-----
Fighting       | 4 |  4.8
Maces & Flails | 4 5 |  5.5
Armour         | |  3.6
Dodging        | |  0.3
Shields        | |  3.0

Action                   |  1- 3 |  4- 6 || total
-------------------------+-------+-------++-------
Melee: Flail             |    92 |    59 ||   151
  Use: Scroll            |       |     3 ||     3
  Eat: Ration            |     1 |       ||     1
Armor: Scale mail        |    23 |    22 ||    45
Dodge: Dodged            |    35 |    28 ||    63
Block: Shield            |    64 |    26 ||    90
